 Dungeon Crawl Stone Soup version 0.19.1 (webtiles) character file.

536 nikopol the Skirmisher (level 7, -8/44 HPs)
             Began as a Gargoyle Berserker on Dec 11, 2016.
             Was a Priest of Trog.
             Mangled by Prince Ribbit (12 damage)
             ... on level 4 of the Dungeon.
             The game lasted 00:08:32 (3558 turns).

nikopol the Skirmisher (Gargoyle Berserker)         Turns: 3558, Time: 00:08:33

Health: -8/44      AC: 15    Str: 21    XL:     7   Next: 25%
Magic:  7/7        EV: 13    Int:  7    God:    Trog [***...]
Gold:   226        SH:  0    Dex: 11    Spells: 0 memorised, 6 levels left

rFire  . . .     SeeInvis .     a - +0 hand axe
rCold  . . .     Gourm    .     g - +0 chain mail
rNeg   + . .     Faith    .     (no shield)
rPois  ∞         Spirit   .     (no helmet)
rElec  +         Reflect  .     (no cloak)
rCorr  .         Harm     .     (no gloves)
MR     .....                    B - +0 pair of boots
Stlth  ..........               (no amulet)
                                (no ring)
                                w - +4 ring of evasion

@: exhausted, slowed, very slow
A: negative energy resistance 1, electricity resistance, unbreathing,
petrification resistance, rot immunity, AC +4
a: Berserk, Trog's Hand, Burn Spellbooks, Renounce Religion


You were on level 4 of the Dungeon.
You worshipped Trog.
Trog was most pleased with you.
You were not hungry.

You visited 1 branch of the dungeon, and saw 5 of its levels.

You collected 226 gold pieces.

Inventory:

Hand Weapons
 a - a +0 hand axe (weapon)
Missiles
 q - 96 arrows (quivered)
Armour
 b - a +0 animal skin
 g - a +0 chain mail (worn)
 B - a +0 pair of boots (worn)
Jewellery
 w - a +4 ring of evasion (left hand)
 x - an uncursed amulet of regeneration {unknown}
Scrolls
 d - 4 scrolls of identify {unknown}
 j - a scroll of immolation {unknown}
 k - a scroll of random uselessness {unknown}
 l - a scroll of enchant weapon {unknown}
 m - 2 scrolls of teleportation {unknown}
 n - a scroll of fear {unknown}
 p - a scroll of enchant armour {unknown}
 y - a scroll of amnesia {unknown}
 A - a scroll of remove curse {unknown}
Potions
 e - 2 potions of heal wounds {unknown}
 f - a potion of cancellation {unknown}
 h - 2 potions of agility {unknown}
 i - 3 potions of might {unknown}
 o - 2 potions of curing {unknown}
 t - a potion of brilliance {unknown}
 v - a potion of lignification {unknown}
Books
 u - a book of Misfortune

   Spells                             Type                      Level
   a - Confusing Touch                Hexes                        1
   b - Confuse                        Hexes                        3
   c - Gell's Gravitas                Hexes/Translocation          3
   d - Petrify                        Transmutation/Earth          4
   e - Metabolic Englaciation         Hexes/Ice                    5
   f - Yara's Violent Unravelling     Hexes/Transmutation          5
   Trog disapproves of the use of such an item.
Comestibles
 c - 3 bread rations
 r - 3 meat rations


   Skills:
 + Level 5.1 Fighting
 + Level 4.2 Axes
 + Level 4.4 Armour
 + Level 3.6 Dodging


You had 6 spell levels left.
You didn't know any spells.

Dungeon Overview and Level Annotations

Branches:
Dungeon (5/15)             Temple (0/1) D:4

Altars:
Elyvilon
Hepliaklqana
Uskayaw
Xom

Shops:
D:4 %

Annotations:
D:4 Prince Ribbit


Innate Abilities, Weirdness & Mutations

You are resistant to torment.
Your stone body is resilient. (AC +4)
You are immune to poison.
You resist negative energy. (rN+)
You are resistant to electric shocks. (rElec)
You can survive without breathing.
You are immune to petrification.
You are immune to rotting.


Message History

You are too injured to fight recklessly!
Prince Ribbit blinks!
You feel a strong urge to attack something.
You closely miss Prince Ribbit.
Prince Ribbit is moderately wounded.
Prince Ribbit blinks!
Prince Ribbit blinks!
You feel a strong urge to attack something.
You are no longer berserk.
You are exhausted.
You feel yourself slow down.
You hit Prince Ribbit.
Prince Ribbit is moderately wounded.
Prince Ribbit hits you!
* * * LOW HITPOINT WARNING * * *
Prince Ribbit closely misses you.
You barely miss Prince Ribbit.
Prince Ribbit is moderately wounded.
Prince Ribbit hits you!
You die...

##...........................##
##........................####
#........##....##.##..##.....
##..............##.###########
####.......####....#..#####
.......##### ##...........##
..###### ##.............##
...##########...............#
##..............@F..........#
############...............#
#...............#
#....>..........#
#...............#
##.............##
##.....#.....## #############


You could see Prince Ribbit.

Vanquished Creatures
  A phantom (D:4)
  An ogre (D:4)
  2 scorpions (D:4)
  An iguana (D:5)
  7 gnolls
  6 adders
  A shadow imp (D:4)
  An ooze (D:2)
  2 worms
  A dart slug (D:1)
  5 leopard geckos
  2 orcs
  3 ball pythons
  8 bats
  5 giant cockroaches
  7 goblins
  A hobgoblin (D:1)
  21 jackals
  A quokka (D:5)
  8 frilled lizards
  10 kobolds
  7 rats
101 creatures vanquished.

Notes
Turn   | Place    | Note
-------+----------+-------------------------------------------
     0 | D:1      | nikopol the Gargoyle Berserker began the quest for the Orb.
     0 | D:1      | Reached XP level 1. HP: 14/14 MP: 1/1
    93 | D:1      | Reached XP level 2. HP: 5/19 MP: 2/2
   496 | D:1      | Reached XP level 3. HP: 17/23 MP: 3/3
   849 | D:2      | Reached ** piety under Trog
   863 | D:2      | Found a hide-covered altar of Uskayaw.
   988 | D:2      | Reached XP level 4. HP: 28/29 MP: 4/4
  1049 | D:2      | Found a shimmering altar of Xom.
  1782 | D:3      | Reached skill level 4 in Fighting
  1801 | D:3      | Found a white marble altar of Elyvilon.
  1871 | D:3      | Reached XP level 5. HP: 19/33 MP: 5/5
  2154 | D:3      | Reached *** piety under Trog
  2579 | D:4      | Found Bepocaoh's Food Boutique.
  2605 | D:4      | Reached XP level 6. HP: 33/39 MP: 6/6
  2677 | D:4      | Found a hazy altar of Hepliaklqana.
  2692 | D:4      | Found a staircase to the Ecumenical Temple.
  2752 | D:4      | Noticed a phantom
  2792 | D:4      | Killed a phantom
  2792 | D:4      | Reached skill level 5 in Fighting
  2792 | D:4      | Reached XP level 7. HP: 38/44 MP: 7/7
  3077 | D:5      | Entered Level 5 of the Dungeon
  3138 | D:5      | Noticed Prince Ribbit
  3558 | D:4      | Mangled by Prince Ribbit

Skill      XL: |  1  2  3  4  5  6 |
---------------+-------------------+-----
Axes           | 3 4 |  4.2
Dodging        | 2 3 |  3.6
Fighting       | 4 5 |  5.1
Armour         | 3 4 |  4.4

Action                   |  1- 3 |  4- 6 |  7- 9 || total
-------------------------+-------+-------+-------++-------
Melee: Hand axe          |    98 |   259 |    65 ||   422
Invok: Berserk           |       |     1 |     1 ||     2
  Eat: Chunk             |       |     7 |     2 ||     9
       Pizza             |       |       |     1 ||     1
Armor: Chain mail        |   127 |   172 |    21 ||   320
Dodge: Dodged            |    69 |   198 |    44 ||   311
